 Dungeon Crawl Stone Soup version 0.29-a0-8-g0446c0dae4 (webtiles) character file.

Game seed: 13022300682644673480

1059 belegose the Ducker (level 8, -2/87 HPs)
             Began as a Djinni Fire Elementalist on Jan 27, 2022.
             Was an Initiate of Makhleb.
             Slain by a vampire mosquito (7 damage)
             ... on level 6 of the Dungeon.
             The game lasted 00:16:24 (7978 turns).

belegose the Ducker (Djinni Fire Elementalist)      Turns: 7978, Time: 00:16:25

Health: -2/87      AC: 24    Str:  9    XL:     8   Next: 52%
Gold:   288        EV:  2    Int: 18    God:    Makhleb [......] SH:  0 Dex: 13

rFire   . . .      SeeInvis .   b - +2 trident (protect)
rCold   . . .      Faith    .   (no shield)
rNeg    . . .      Spirit   .   (armour currently unavailable)
rPois   ∞          Reflect  .   (helmet currently unavailable)
rElec   .          Harm     .   (cloak currently unavailable)
rCorr   .          Rampage  .   (gloves currently unavailable)
Will    .....      NoTele   +   (boots unavailable)
Stlth   +++.......              (no amulet)
HPRegen 0.24/turn               (no ring)
MPRegen 0.00/turn               (no ring)

@: tree-form
A: stationary, stasis, torment immunity, boosted hp, sickness immunity, (fire
resistance 2), (cold vulnerability 1), float, innate caster, hp casting, extra
vitality 1
a: Renounce Religion


You were on level 6 of the Dungeon.
You worshipped Makhleb.
Makhleb was noncommittal.
You were a tree.
You visited 2 branches of the dungeon, and saw 7 of its levels.

You collected 288 gold pieces.

Inventory:

Hand Weapons
 a - a +2 spear of venom
 b - a +2 trident of protection (weapon)
Missiles
 f - 169 stones
 u - 2 boomerangs (quivered)
Armour
 e - a +0 cloak (melded)
 l - a +0 helmet (melded)
 q - a +0 kite shield
 r - a +0 robe (melded)
 A - a +0 pair of gloves (melded)
Jewellery
 k - an amulet of regeneration
Wands
 B - a wand of flame (13)
Scrolls
 d - a scroll of torment
 i - a scroll of vulnerability {unknown}
 m - a scroll of enchant weapon {unknown}
 x - a scroll of fog {unknown}
 y - a scroll of teleportation {unknown}
Potions
 c - a potion of degeneration {unknown}
 g - a potion of flight {unknown}
 j - a potion of lignification
 o - a potion of curing {unknown}
 p - 3 potions of mutation
 s - a potion of cancellation {unknown}
 t - 2 potions of heal wounds {unknown}
 w - a potion of magic {unknown}
 z - a potion of haste {unknown}


   Skills:
 + Level 4.4 Fighting
 + Level 5.5 Dodging
 + Level 4.5 Stealth
 + Level 4.2 Spellcasting
 + Level 0.1 Invocations


You couldn't memorise any spells.
You knew the following spells:

 Your Spells              Type           Power      Damage    Failure   Level
a - Foxfire               Conj/Fire      76%        2x1d7     2%          1
b - Scorch                Fire           38%        2d6       3%          2
c - Conjure Flame         Conj/Fire      19%        6-21      8%          3
d - Inner Flame           Hex/Fire       19%        N/A       8%          3
e - Flame Wave            Conj/Fire      19%        2d6       24%         4
f - Shock                 Conj/Air       76%        1d7       2%          1
g - Wereblood             Tmut           19%        N/A       3%          2
h - Ozocubu's Armour      Ice            19%        N/A       8%          3
Your spell library was empty.

Dungeon Overview and Level Annotations

Branches:
Dungeon (6/15)             Temple (1/1) D:6

Altars:
Ashenzari
Cheibriados
Dithmenos
Elyvilon
Fedhas
Gozag
Hepliaklqana
Kikubaaqudgha
Makhleb
Nemelex Xobeh
Okawaru
Qazlal
Ru
Sif Muna
Vehumet
Wu Jian
Xom
Yredelemnul
Zin
The Shining One

Annotations:
D:3 1 runed translucent door, exclusion: door, Crazy Yiuf
D:5 1 runed translucent door, exclusion: door, Shayle's ghost, amateur DsWr


Innate Abilities, Weirdness & Mutations

You are a tree.
Your roots penetrate the ground, keeping you stationary.
You cannot be teleported.
You are immune to unholy pain and torment.
Your maximum health is greatly increased.
Your equipment is partially melded.
You are immune to sickness and miasma.
You are immune to poison.
((Your flesh is very heat resistant. (rF++)))
((You are vulnerable to cold. (rC-)))
You float through the air rather than walking.
You learn spells naturally, not from books.
Your magical power is your life essence.
You have superior vitality. (+4 MHP)


Message History

The vampire mosquito buzzes angrily.
The vampire mosquito bites you.
The vampire mosquito closely misses you.
The vampire mosquito misses you.
The vampire mosquito barely misses you. x2
The vampire mosquito closely misses you.
The vampire mosquito bites you! The vampire mosquito bites you.
The vampire mosquito closely misses you.
A bullfrog zombie comes into view.
There is a staircase to the Ecumenical Temple here.
The shadow imp closely misses you. The vampire mosquito bites you.
The vampire mosquito bites you. x2
The vampire mosquito barely misses you. The vampire mosquito misses you.
The vampire mosquito completely misses you.
The vampire mosquito closely misses you.
The vampire mosquito bites you. The vampire mosquito barely misses you.
The vampire mosquito barely misses you.
The vampire mosquito bites you but does no damage.
The vampire mosquito bites you!
The vampire mosquito closely misses you.
The vampire mosquito misses you. The vampire mosquito barely misses you.
Okay, then.
Okay, then.
Okay, then.
Casting: Foxfire (safe; 2% risk of failure)
Confirm with . or Enter, or press ? or * to list all spells.
Okay, then.
The vampire mosquito bites you!
* * * LOW HITPOINT WARNING * * *
The vampire mosquito misses you. The vampire mosquito bites you!
* * * LOW HITPOINT WARNING * * *
The vampire mosquito bites you but does no damage.
It was a potion of lignification.
You turn into a tree.
Your +0 cloak melds into your body.
Your +0 helmet melds into your body.
Your +0 pair of gloves melds into your body.
Your +0 robe melds into your body.
Your roots penetrate the ground.
The vampire mosquito completely misses you.
The vampire mosquito bites you!
You die...

.........<..# #.###...†..# .#
#.....<....# .# # #....
####.#.#+### #.#.# .. #....
#.#.#.######.#.###..
#....#######.#.................
#..>.+.............####.#......
#....#######.###.#..###.#.$....
#.... ... #.# #♣..............
#....##.# #.# #yy.###....^###
.. #<..# #.# #y#.#≈≈≈≈≈≈≈≈≈#...
##### #.. #.#.#≈#.....#≈#...
### #y#..≈.......≈....
#.#5.≈.......≈Z.#
#5#..≈...>.((≈..#
#...5≈.......≈..#.
###..≈.......≈..#.


You could see 4 vampire mosquitoes and a white imp.

Vanquished Creatures
  A centaur (D:5)
  An ogre (D:4)
  A scorpion (D:4)
  2 water moccasin skeletons
  A howler monkey (D:5)
  A centaur zombie (D:5)
  3 hounds
  A jelly (D:3)
  A centaur skeleton (D:6)
  3 orc priests
  2 bullfrog skeletons
  2 iguanas
  6 orc wizards
  A hound skeleton (D:5)
  A howler monkey skeleton (D:5)
  4 adders
  A shadow imp (D:3)
  A white imp (D:5)
  A worm (D:2)
  3 dart slugs
  14 orcs
  9 bats
  4 endoplasms
  6 giant cockroaches
  4 goblins
  8 hobgoblins
  7 jackals
  2 quokkas
  6 ball pythons
  4 frilled lizards
  5 kobolds
  7 rats
113 creatures vanquished.

Vanquished Creatures (others)
  186 foxfires
  25 plants (D:5)
211 creatures vanquished.

Grand Total: 324 creatures vanquished

Notes
Turn   | Place    | Note
-------+----------+-------------------------------------------
     0 | D:1      | belegose the Djinni Fire Elementalist began the quest for
                  | the Orb.
     0 | D:1      | Reached XP level 1. HP: 15/15 MP: 0/0
   291 | D:1      | Reached XP level 2. HP: 17/22 MP: 0/0
   752 | D:1      | Reached skill level 1 in Fighting
   752 | D:1      | Reached XP level 3. HP: 19/27 MP: 0/0
   752 | D:1      | Learned a level 1 spell: Shock
  1067 | D:1      | Found a faded altar of an unknown god.
  1682 | D:2      | Reached XP level 4. HP: 31/32 MP: 0/0
  2281 | D:3      | Reached skill level 3 in Dodging
  2859 | D:3      | Reached XP level 5. HP: 29/38 MP: 0/0
  2859 | D:3      | Learned a level 2 spell: Wereblood
  3135 | D:3      | Found an ornate altar of the Wu Jian Council.
  3248 | D:3      | Found a runed translucent door.
  3249 | D:3      | Noticed Crazy Yiuf
  4051 | D:4      | Reached XP level 6. HP: 39/45 MP: 0/0
  4053 | D:4      | Noticed an ogre
  4380 | D:4      | Reached skill level 4 in Dodging
  4428 | D:4      | Killed an ogre
  4429 | D:4      | Reached XP level 7. HP: 48/50 MP: 0/0
  4429 | D:4      | Learned a level 3 spell: Ozocubu's Armour
  5371 | D:5      | Entered Level 5 of the Dungeon
  5779 | D:5      | Found a shimmering altar of Xom.
  6015 | D:5      | Reached skill level 5 in Dodging
  6015 | D:5      | Reached XP level 8. HP: 58/58 MP: 0/0
  7053 | D:5      | Found a runed translucent door.
  7054 | D:5      | Noticed Shayle's ghost (amateur DsWr)
  7114 | D:5      | Found a glowing golden altar of the Shining One.
  7115 | D:5      | Found a stormy altar of Qazlal.
  7116 | D:5      | Found an opulent altar of Gozag.
  7743 | D:6      | Found a staircase to the Ecumenical Temple.
  7768 | Temple   | Entered the Ecumenical Temple
  7865 | Temple   | Became a worshipper of Makhleb the Destroyer
  7978 | D:6      | Slain by a vampire mosquito

Illustrated notes

Levels and vault maps discovered:
D:1:      scummos_arrival_hexagon, layout_rooms, shapermc_ecumenical_altar_petra
D:2:      layout_basic
D:3:      layout_basic, pdpol_wu_jian_five_deadly_venoms,
          uniq_crazy_yiuf_cottage
D:4:      layout_basic
D:5:      layout_basic, mainiacjoe_overflow_boulevard,
          mainiacjoe_overflow_alcove_3, gammafunk_ghost_grave, serial_bayou,
          serial_bayou_pond_a, serial_bayou_shore_b, serial_bayou_crossing,
          serial_bayou_pond_a
D:6:      layout_basic, minmay_temple_entry_water_ring, minmay_microvault
Temple:   nicolae_temple_great_sept

Skill      XL: |  1  2  3  4  5  6  7  8 |
---------------+-------------------------+-----
Fighting       | 1 2 3 4 |  4.4
Stealth        | 2 3 4 |  4.5
Dodging        | 3 4 5 |  5.5
Spellcasting   | 3 4 |  4.2
Invocations    | |  0.1

Action                   |  1- 3 |  4- 6 |  7- 9 || total
-------------------------+-------+-------+-------++-------
Melee: Rapier            |   106 |    28 |       ||   134
       Punch             |     2 |     2 |     2 ||     6
       Dagger            |       |    15 |       ||    15
       Spear             |       |    40 |   115 ||   155
       Trident           |       |       |    20 ||    20
Throw: Boomerang         |       |     2 |       ||     2
 Cast: Foxfire           |    13 |    55 |    40 ||   108
       Conjure Flame     |       |     1 |       ||     1
       Shock             |       |       |     7 ||     7
  Use: Scroll            |       |       |     4 ||     4
       Potion            |       |       |     1 ||     1
 Stab: Sleeping          |     3 |     3 |     3 ||     9
Armor: Robe              |    31 |    21 |    54 ||   106
Dodge: Dodged            |    84 |    59 |   126 ||   269

Table legend: (Time is in decaauts)
 A = Elapsed time spent in this place.
 B = Non-inter-level travel time spent in this place.
 C = Inter-level travel time spent in this place.
 D = Time resting spent in this place.
 E = Time spent auto-exploring this place.
 F = Levels seen in this place.
 G = Mean time per level.
                   A        B        C        D        E       F      G
               +--------+--------+--------+--------+--------+-----+--------+
         Total |   8046 |   7532 |    514 |   2657 |   3222 |   7 | 1149.4 |
       Dungeon |   7877 |   7372 |    505 |   2609 |   3157 |   6 | 1312.8 |
        Temple |    168 |    159 |      9 |     48 |     65 |   1 |  168.0 |
               +--------+--------+--------+--------+--------+-----+--------+

Top non-repeatable levels by time:
     D:4: 1991 daAuts
     D:5: 1700 daAuts
     D:2: 1469 daAuts
     D:3: 1450 daAuts
     D:1: 1154 daAuts
  Temple: 168 daAuts
     D:6: 111 daAuts
